 Dungeon Crawl Stone Soup version 0.29.1-15-g9cfb28693d (webtiles) character file.

Game seed: 13297078505930532911

3933 H0rd4k the Fighter (level 10, -4/72 HPs)
             Began as an Octopode Artificer on Apr 5, 2023.
             Was an Initiate of Gozag.
             Slain by a boulder beetle (22 damage)
             ... on level 8 of the Dungeon.
             The game lasted 00:08:30 (10702 turns).

H0rd4k the Fighter (Octopode Artificer)            Turns: 10702, Time: 00:08:31

Health: -4/72      AC:  1    Str: 12    XL:     10   Next: 21%
Magic:  28/28      EV: 13    Int: 24    God:    Gozag
Gold:   936        SH:  0    Dex: 12    Spells: 19/21 levels left

rFire   + . .      SeeInvis +   p - +8 hammer "Rampir" {spect, rF+ MP+9 SInv}
rCold   . . .      Faith    .   (no shield)
rNeg    . . .      Spirit   .   (helmet restricted)
rPois   .          Reflect  .   (no amulet)
rElec   .          Harm     .   D - +6 ring of intelligence
rCorr   .          Rampage  .   (no ring)
Will    .....                   (no ring)
Stlth   +++.......              (no ring)
HPRegen 0.22/turn               (no ring)
MPRegen 0.21/turn               (no ring)
                                (no ring)
                                (no ring)

@: gold aura
A: almost no armour, amphibious, 8 rings, camouflage 1, gelatinous body 1,
(nimble swimmer 1), tentacles
a: Renounce Religion, Potion Petition, Call Merchant, Bribe Branch


You were on level 8 of the Dungeon.
You worshipped Gozag.
Gozag was pleased with you.
You visited 2 branches of the dungeon, and saw 9 of its levels.
You also visited: Sewer.

You collected 994 gold pieces.
You paid 58 gold pieces to Gozag.

Inventory:

Hand Weapons
 p - the +8 hammer "Rampir" (weapon) {spect, rF+ MP+9 SInv}
   (You found it on level 2 of the Dungeon)

   When its wielder attacks, the weapon's spirit leaps out and strikes again.
   The spirit shares a part of any damage it takes with its wielder.
   rF:        It protects you from fire.
   MP:        It affects your magic capacity (+9).
   SInv:      It lets you see invisible.
 y - the +9 whip of Himnip {drain, rF+}
   (You found it in a sewer)

   A truly terrible weapon, it drains the life of any living foe it strikes.
   rF:        It protects you from fire.
Magical Staves
 n - a staff of cold
Jewellery
 D - a +6 ring of intelligence (left tentacle)
Wands
 b - a wand of flame (8) (quivered)
 c - a wand of charming (6)
 d - a wand of mindburst (6)
 t - a wand of paralysis (35)
Scrolls
 e - 4 scrolls of noise {unknown}
 h - 3 scrolls of teleportation {unknown}
 j - 8 scrolls of enchant weapon {unknown}
 l - 3 scrolls of fog {unknown}
 m - 3 scrolls of blinking {unknown}
 q - 6 scrolls of identify {unknown}
 s - a scroll of silence {unknown}
 u - 5 scrolls of magic mapping {unknown}
 A - a scroll of vulnerability {unknown}
 B - a scroll of enchant armour {unknown}
 C - 2 scrolls of poison {unknown}
 E - a scroll of immolation {unknown}
 F - a scroll of amnesia {unknown}
Potions
 a - a potion of flight
 f - a potion of degeneration
 g - 2 potions of might
 i - 3 potions of attraction
 k - 2 potions of lignification {unknown}
 o - 4 potions of curing {unknown}
 r - a potion of mutation {unknown}
 v - 2 potions of haste
 w - a potion of cancellation {unknown}
 x - 2 potions of brilliance {unknown}
 z - 3 potions of invisibility


   Skills:
 + Level 8.3 Fighting
 - Level 7.4 Maces & Flails
 + Level 3.0 Dodging
 - Level 1.3 Stealth
 - Level 3.8 Unarmed Combat
 * Level 6.2 Spellcasting
 * Level 3.6 Summonings
 - Level 3.2 Evocations


You had 19 spell levels left.
You knew the following spells:

 Your Spells              Type           Power      Damage    Failure   Level
a - Call Imp              Summ           24%        N/A       2%          2

Your spell library contained the following spells:

 Spells                   Type           Power      Damage    Failure   Level
 Apportation              Tloc           14%        N/A       8%          1
 Freeze                   Ice            28%        1d5       8%          1
 Magic Dart               Conj           28%        1d4       8%          1
 Slow                     Hex            28%        N/A       8%          1
 Sublimation of Blood     Necr           7%         N/A       12%         2
 Wereblood                Tmut           7%         N/A       12%         2
 Confusing Touch          Hex            7%         N/A       24%         3
 Frozen Ramparts          Ice            14%        1d3       24%         3
 Mephitic Cloud           Conj/Pois/Air  7%         N/A       24%         3
 Ozocubu's Armour         Ice            7%         N/A       24%         3
 Stone Arrow              Conj/Erth      14%        3d7       24%         3
 Vampiric Draining        Necr           7%         2d6       24%         3
 Hailstorm                Conj/Ice       7%         3d4       61%         4
 Summon Forest            Summ/Tloc      8%         N/A       71%         5
 Summon Mana Viper        Hex/Summ       16%        N/A       71%         5
 Alistair's Intoxication  Tmut/Pois      4%         N/A       91%         5
 Metabolic Englaciation   Hex/Ice        3%         N/A       91%         5
 Summon Cactus Giant      Summ           12%        N/A       95%         6
 Summon Hydra             Summ           12%        N/A       100%        7
 Lehudib's Crystal Spear  Conj/Erth      3%         10d3      100%        8
 Animate Armour           Summ/Erth      Unusable   N/A       N/A         4
 Simulacrum               Ice/Necr       Unusable   N/A       N/A         6

Dungeon Overview and Level Annotations

Branches:
Dungeon (8/15)             Temple (1/1) D:4           Sewer (visited)
   Lair: D:8-11

Altars:
Ashenzari
Cheibriados
Elyvilon
Fedhas
Gozag
Hepliaklqana
Kikubaaqudgha
Makhleb
Nemelex Xobeh
Okawaru
Qazlal
Ru
Sif Muna
Trog
Uskayaw
Vehumet
Wu Jian
Xom
Yredelemnul
Zin
The Shining One

Shops:
D:4 ?!!(

Annotations:
D:5 exclusion: downstairs


Innate Abilities, Weirdness & Mutations

You cannot wear most types of armour.
You are amphibious.
You can wear up to eight rings at the same time.
Your skin changes colour to match your surroundings (Stealth+).
Your rubbery body absorbs attacks. (AC +1, EV +1)
((You are camouflaged when in or above water. (Stealth+)))
You have tentacles for arms and can constrict up to eight enemies at once.


Message History

A boulder beetle comes into view.
The boulder beetle moves out of view.
A howler monkey comes into view.
Found a brown potion.
The howler monkey howls! x2
The howler monkey hits you.
The howler monkey hoots and howls with incredible vigour!
The howler monkey misses you.
You sock the howler monkey! You grab the howler monkey.
You squeeze the howler monkey!
You kill the howler monkey!
You hit the howler monkey. Your grab misses the howler monkey.
Your squeeze misses the howler monkey.
The howler monkey is lightly wounded.
Your +8 hammer "Rampir" {spect, rF+ MP+9 SInv} hits the howler monkey!
The howler monkey misses you.
You sock the howler monkey!
You kill the howler monkey!
The boulder beetle barely misses you.
You hit the boulder beetle.
The boulder beetle is lightly wounded.
Your +8 hammer "Rampir" {spect, rF+ MP+9 SInv} hits the boulder beetle!
The boulder beetle bites you!!
You hit the boulder beetle.
The boulder beetle is moderately wounded.
Your +8 hammer "Rampir" {spect, rF+ MP+9 SInv} hits the boulder beetle but does no damage.
The boulder beetle barely misses you.
You hit the boulder beetle but do no damage.
The boulder beetle is lightly wounded.
Your +8 hammer "Rampir" {spect, rF+ MP+9 SInv} hits the boulder beetle but does no damage.
The boulder beetle bites you!!
* * * LOW HITPOINT WARNING * * *
Unknown command.
Aiming: Paralyse
Press: ? - help, Shift-Dir - straight line, f - boulder beetle
Aim: a boulder beetle (lightly wounded, chance to affect: 39%)
The boulder beetle resists with some effort.
The boulder beetle bites you!!
You die...
Your body crumbles into a pile of gold.

.......## ....... ........#.#
........##......... ........#.#
..##....##........## #.......#.#
..##....##.........####.......#.#
.......####...................#.#
.............§................#.#
.............§....!........####..
#######.........$...........<#...
.# .....#.##@#.......#.......
.######...#.#..B§#..... #.......
............#.........####..##[..
................................[
...........................#.....
...........................#.....
...................###...........
...................# #...........
...................# #....>......


You could see a boulder beetle.

Vanquished Creatures
  A two-headed ogre (D:8)
  Grinder (Sewer)
  Prince Ribbit (D:7)
  Sigmund (D:5)
  2 water moccasins
  5 ice beasts
  2 sky beasts (D:7)
  2 ogres
  2 kobold brigands (Sewer)
  A phantom (D:5)
  Blork the orc (D:4)
  A gnoll sergeant (D:6)
  A bullfrog (D:8)
  A necrophage (D:8)
  A scorpion (D:4)
  5 wights (D:6)
  2 howler monkeys (D:8)
  3 orc priests
  A gnoll bouda (D:5)
  A quasit (Sewer)
  Crazy Yiuf (D:2)
  3 hounds
  2 jellies
  2 iguanas
  Ijyb (D:3)
  Terence (D:2)
  2 orc wizards (D:5)
  Robin (D:4)
  11 gnolls
  10 adders
  4 river rats (D:7)
  6 shadow imps (Sewer)
  A white imp (D:4)
  9 ufetubi
  3 worms
  10 orcs
  9 ball pythons
  4 bats
  7 endoplasms
  3 giant cockroaches
  10 goblins
  7 hobgoblins
  2 jackals (D:2)
  6 quokkas
  4 frilled lizards
  A giant cockroach zombie (Sewer)
  16 kobolds
  A kobold zombie (Sewer)
  4 rats (D:1)
176 creatures vanquished.

Vanquished Creatures (collateral kills)
  3 goblins (D:4)
3 creatures vanquished.

Vanquished Creatures (others)
  An ogre (D:4)
  An adder (D:3)
  A goblin (D:4)
  2 kobold zombies (Sewer)
  2 fungi (D:2)
  10 plants (D:7)
17 creatures vanquished.

Grand Total: 196 creatures vanquished

Notes
Turn   | Place    | Note
-------+----------+-------------------------------------------
     0 | D:1      | H0rd4k the Octopode Artificer began the quest for the Orb.
     0 | D:1      | Reached XP level 1. HP: 13/13 MP: 1/1
   532 | D:1      | Reached XP level 2. HP: 18/18 MP: 2/2
   849 | D:1      | Found a faded altar of an unknown god.
   987 | D:1      | Reached skill level 1 in Spellcasting
  1373 | D:2      | Reached skill level 2 in Fighting
  1778 | D:2      | Reached XP level 3. HP: 20/24 MP: 4/4
  1894 | D:2      | Reached skill level 1 in Unarmed Combat
  1897 | D:2      | HP: 1/24 [poisoned by an adder]
  2223 | D:2      | Noticed Terence
  2289 | D:2      | Killed Terence
  2290 | D:2      | Reached XP level 4. HP: 27/30 MP: 6/6
  2906 | D:2      | Found a runed translucent door.
  2907 | D:2      | Noticed Crazy Yiuf
  2911 | D:2      | Killed Crazy Yiuf
  2916 | D:2      | Identified the +8 hammer "Rampir" {spect, rF+ MP+9 SInv}
  3108 | D:3      | Found a blossoming altar of Fedhas.
  3108 | D:3      | Found a broken altar of Ashenzari.
  3252 | D:3      | Reached XP level 5. HP: 32/36 MP: 8/8
  3632 | D:3      | Noticed Ijyb
  3866 | D:3      | Killed Ijyb
  3867 | D:3      | Reached skill level 3 in Fighting
  4084 | D:3      | Reached skill level 1 in Maces & Flails
  4203 | D:3      | Found a faded altar of an unknown god.
  4207 | D:3      | Found an ancient bone altar of Kikubaaqudgha.
  4332 | D:4      | Noticed Blork the orc
  4339 | D:4      | Killed Blork the orc
  4340 | D:4      | Reached XP level 6. HP: 32/42 MP: 10/10
  4455 | D:4      | Found a staircase to the Ecumenical Temple.
  4456 | D:4      | Noticed Robin
  4880 | D:4      | Reached XP level 7. HP: 40/47 MP: 11/11
  4898 | D:4      | Found Ivadel Ycry's Distillery.
  4898 | D:4      | Found Luyck's Distillery.
  4899 | D:4      | Found Yvvo's Antique Weapon Boutique.
  4902 | D:4      | Killed Robin
  4928 | D:4      | Found Dunnuwko's Magic Scroll Boutique.
  5228 | Temple   | Entered the Ecumenical Temple
  5425 | Temple   | Became a worshipper of Gozag Ym Sagoz the Greedy
  5490 | D:4      | Found a glowing golden altar of the Shining One.
  5823 | D:4      | Reached skill level 4 in Fighting
  5873 | D:5      | Entered Level 5 of the Dungeon
  5921 | D:5      | Found a large runed translucent door.
  5921 | D:5      | Found a large runed translucent door.
  6012 | D:5      | Found a glowing drain.
  6029 | Sewer    | Entered a sewer
  6247 | Sewer    | Found a burning altar of Makhleb.
  6341 | Sewer    | Noticed Grinder
  6346 | Sewer    | Killed Grinder
  6347 | Sewer    | Reached XP level 8. HP: 54/54 MP: 13/13
  6419 | Sewer    | Reached skill level 5 in Fighting
  6478 | Sewer    | HP: 1/55 [poisoned by a kobold brigand (curare-tipped
                  | dart)]
  6800 | Sewer    | Identified the +9 whip of Himnip {drain, rF+}
  6907 | D:5      | Found a shimmering altar of Xom.
  7024 | D:5      | Reached skill level 5 in Maces & Flails
  7076 | D:5      | Noticed Sigmund
  7086 | D:5      | Killed Sigmund
  7087 | D:5      | Reached skill level 6 in Fighting
  7241 | D:5      | Reached XP level 9. HP: 35/62 MP: 15/15
  7437 | D:5      | Identified the +5 ring mail "Tejuro Qeno" {rF+ Str+2 Int-3}
  7848 | D:5      | Found a shimmering blue altar of Sif Muna.
  7857 | D:5      | Found a hide-covered altar of Uskayaw.
  8548 | D:6      | Reached skill level 7 in Fighting
  8698 | D:6      | Reached skill level 5 in Spellcasting
  8992 | D:6      | Learned a level 2 spell: Call Imp
  9097 | D:7      | Found a burning altar of Makhleb.
  9107 | D:7      | Reached skill level 1 in Summonings
  9752 | D:7      | Noticed Prince Ribbit
  9760 | D:7      | Killed Prince Ribbit
 10479 | D:8      | Noticed a two-headed ogre
 10491 | D:8      | Killed a two-headed ogre
 10492 | D:8      | Reached skill level 8 in Fighting
 10492 | D:8      | Reached XP level 10. HP: 54/72 MP: 19/19
 10690 | D:8      | Noticed a boulder beetle
 10702 | D:8      | Slain by a boulder beetle

Illustrated notes

Levels and vault maps discovered:
D:1:      lordsloth_arrival_two_stooges, layout_basic,
          chequers_ecumenical_altar_grove, glass_columns_a
D:2:      layout_loops_corners, uniq_terence, uniq_crazy_yiuf_cottage
D:3:      layout_basic, nicolae_overflow_ecumenical_swirl, jmf_multi_god_temple,
          uniq_ijyb
D:4:      layout_basic, nicolae_tso_swordbearing_angel,
          minmay_temple_entry_offerings, minmay_shop_grid_forest,
          uniq_blork_the_orc, uniq_robin
D:5:      layout_cave_pods, jmf_multi_god_temple2,
          lemuel_coloured_pillars_altar, portal_sewer_entry_f,
          corexii_corridor_pit, chequers_hall_statues_wall_a,
          amcnicky_mini_corridor_feature, uniq_sigmund
D:6:      layout_loops_ring, serial_glass, glass_columns_c, glass_columns_b,
          minmay_strange_pillars, due_unseen_surprise
D:7:      wad_woods_stonehenge, layout_cave_pods, uniq_prince_ribbit1
D:8:      layout_basic
Temple:   oiseaux_autumnal_temple

Skill      XL: |  1  2  3  4  5  6  7  8  9 |
---------------+----------------------------+-----
Spellcasting   | 1 2 3 4 6 |  6.2
Fighting       | 2 3 4 6 8 |  8.3
Unarmed Combat | 1 2 3 |  3.8
Maces & Flails | 1 2 3 6 7 |  7.4
Summonings     | 3 |  3.6
Dodging        | 3 |  3.0
Stealth        | |  1.3
Evocations     | |  3.2

Action                   |  1- 3 |  4- 6 |  7- 9 | 10-12 || total
-------------------------+-------+-------+-------+-------++-------
Melee: Unarmed           |    60 |    22 |       |       ||    82
       Tentacles         |    14 |    12 |    51 |     3 ||    80
       Constrict         |    16 |    22 |    40 |     2 ||    80
       Punch             |     1 |     3 |     5 |       ||     9
       Mace              |       |    55 |   165 |     8 ||   228
 Cast: Call Imp          |       |       |     3 |       ||     3
Evoke: Wand              |     7 |    13 |     8 |     1 ||    29
  Use: Potion            |       |       |     4 |       ||     4
 Stab: Sleeping          |    14 |     7 |    22 |       ||    43
       Distracted        |       |       |     3 |       ||     3
       Paralysed         |       |       |     1 |       ||     1
Armor: Skin              |     2 |     3 |     7 |       ||    12
Dodge: Dodged            |    15 |    36 |    84 |     5 ||   140
